 Dungeon Crawl Stone Soup version 0.31-a0-196-g86fe4a5e66 (webtiles) character file.

Game seed: 10213232057126473322

140 qw the Skirmisher (level 5, -1/28 (29) HPs)
             Began as a Deep Elf Hunter on June 24, 2023.
             Slain by a wight
             ... wielding a +2 flail of protection
              (3 damage)
             ... on level 2 of the Dungeon.
             The game lasted 00:00:31 (1109 turns).

qw the Skirmisher (Deep Elf Hunter)                 Turns: 1109, Time: 00:00:31

HP:   -1/28 (29)    AC:  9    Str: 10    XL:     5   Next: 2%
MP:   7/7           EV: 16    Int: 14    God:
Gold: 126           SH:  0    Dex: 18    Spells: 4/4 levels left

rFire   . . .        Y - +1 shortbow
rCold   . . .        (shield currently unavailable)
rNeg    . . .        j - +0 ring mail
rPois   .            (no helmet)
rElec   .            (no cloak)
rCorr   .            (no gloves)
SInv    .            (no boots)
Will    .....        (no amulet)
Stlth   +            g - +5 ring of evasion
HPRegen 0.24/turn    d - +4 ring of protection
MPRegen 0.10/turn

%: no passive effects
@: about to teleport, lightly drained
A: no striking features
a: no special abilities


You were on level 2 of the Dungeon.
You visited 1 branch of the dungeon, and saw 3 of its levels.

You collected 126 gold pieces.


   Skills:
 - Level 1.5 Fighting
 + Level 8.4 Ranged Weapons
 - Level 2.4 Dodging
 - Level 1.2 Stealth


You had 4 spell levels left.
You didn't know any spells.
Your spell library was empty.

Inventory:

Hand Weapons
 Y - a +1 shortbow (weapon)
Armour
 j - a +0 ring mail (worn)
Jewellery
 d - a +4 ring of protection (right hand)
 g - a +5 ring of evasion (left hand)
Scrolls
 a - 2 scrolls of teleportation
 e - a scroll of identify
Potions
 c - a potion of curing
 f - a potion of berserk rage {unknown}
 h - a potion of enlightenment {unknown}

Dungeon Overview and Level Annotations

Branches:
Dungeon (3/15)

Altars:


Message History

The wight is moderately damaged.
You shoot an arrow.
The arrow hits the wight but does no damage.
The wight is moderately damaged.
You shoot an arrow. The arrow hits the wight!
The wight is severely damaged.
The wight hits you with a +3 dire flail!
1104 ||| STAIRDANCE The wight hits you with a +2 flail of protection.
The wight misses you.
You climb upwards.
There is a stone staircase leading down here.
Enter note:
Enter note:
Enter note:
Enter note:
Enter note:
Enter note:
Enter note:
Enter note:
Enter note: You shoot an arrow.
The arrow hits the wight!
You destroy the wight!
The wight hits you with a +2 flail of protection!
You feel drained.
Your life force feels restored.
Your Ranged Weapons skill increases to level 8!
You have reached level 5!
1107 ||| READING 3 scrolls of teleportation.
As you read the scroll of teleportation, it crumbles to dust.
You feel strangely unstable.
The wight hits you with a +2 flail of protection.
You feel drained.
You shoot an arrow.
The arrow hits the wight but does no damage.
The wight barely misses you.
You shoot an arrow. The arrow hits the wight!
The wight is heavily damaged.
The wight hits you with a +2 flail of protection.
You die...

.#.#.....##...........#
#...###...#####.......#
.#.#...#.....##.......#
.#.#...###...##.......#
.#.#...#..#..####.#####
#...###...#...###.#
#...#.....#.#.##..#
.###...###....##.##
......#...#....#@#
#...###...#....z)#
.#.#..#...#.##...####
.#.#...###...#......#
.#.#.....#..........#
#...###...#####.....#
.#.#...#.....###....#
.#.#...###...# ######
.#.#...#..#..#


You could see a wight.

Vanquished Creatures
  A wight (D:2)
  3 gnolls (D:2)
  2 adders (D:2)
  2 dart slugs
  3 endoplasms (D:1)
  A giant cockroach (D:1)
  3 goblins
  5 hobgoblins
  2 kobolds (D:1)
  2 quokkas (D:1)
  6 ball pythons
  4 bats (D:1)
  A frilled lizard (D:1)
  3 rats
38 creatures vanquished.

Notes
Turn   | Place    | Note
-------+----------+-------------------------------------------
     0 | D:1      | qw the Deep Elf Hunter began the quest for the Orb.
     0 | D:1      | Reached XP level 1. HP: 12/12 MP: 3/3
     0 | D:1      | 0 ||| qw: Version: 0.3-a-9-g12657ce
     0 | D:1      | 0 ||| qw: Game counter: 4848
     0 | D:1      | 0 ||| qw: Always use a shield: true
     0 | D:1      | 0 ||| qw: God list: Okawaru
     0 | D:1      | 0 ||| qw: Allow faded altars: false
     0 | D:1      | 0 ||| qw: Do Orc after D:15 true
     0 | D:1      | 0 ||| qw: Do second Lair branch before Depths: true
     0 | D:1      | 0 ||| qw: Lair rune preference: random
     0 | D:1      | 0 ||| qw: Plans: Normal
     0 | D:1      | 0 ||| PLANNING D:1-11
   173 | D:1      | Reached skill level 6 in Ranged Weapons
   173 | D:1      | Reached XP level 2. HP: 16/16 MP: 4/4
   447 | D:1      | Found a faded altar of an unknown god.
   670 | D:1      | 670 ||| UPGRADING to +0 ring mail.
   680 | D:1      | 680 ||| DROPPING +0 leather armour.
   681 | D:1      | 681 ||| UPGRADING to +5 ring of evasion.
   682 | D:1      | 682 ||| READING scroll labelled QEGENUOSIMN.
   686 | D:1      | 686 ||| READING 2 scrolls labelled SEUNES GEAQEQ.
   687 | D:1      | 687 ||| READING scroll labelled IWNEINLOWI.
   688 | D:1      | 688 ||| READING scroll labelled DYUTOW NYLOO.
   689 | D:1      | 689 ||| READING scroll labelled VOQUIVUOKK.
   690 | D:1      | 690 ||| DROPPING scroll of butterflies.
   721 | D:2      | Reached XP level 3. HP: 20/20 MP: 5/5
   822 | D:2      | Reached skill level 7 in Ranged Weapons
   829 | D:2      | 829 ||| FLEEEEING.
   830 | D:2      | 830 ||| FLEEEEING.
   831 | D:2      | 831 ||| FLEEEEING.
   832 | D:2      | 832 ||| FLEEEEING.
   833 | D:2      | 833 ||| FLEEEEING.
   834 | D:2      | 834 ||| FLEEEEING.
   883 | D:2      | Reached XP level 4. HP: 25/25 MP: 6/6
  1073 | D:2      | 1073 ||| UPGRADING to +4 ring of protection.
  1074 | D:2      | 1074 ||| READING scroll labelled LUELIY LIREONU.
  1075 | D:2      | 1075 ||| DRINKING 2 black potions.
  1104 | D:3      | 1104 ||| STAIRDANCE
  1106 | D:2      | HP: 6/25 [wight/+2 flail of protection (9)]
  1107 | D:2      | Reached skill level 8 in Ranged Weapons
  1107 | D:2      | Reached XP level 5. HP: 4/29 MP: 7/7
  1107 | D:2      | 1107 ||| READING 3 scrolls of teleportation.
  1107 | D:2      | HP: 2/29 [wight/+2 flail of protection (2)]
  1109 | D:2      | Slain by a wight

Levels and vault maps discovered:
D:1:      dpeg_arrival_shrine, layout_basic,
          shapermc_ecumenical_altar_mp_highgroup
D:2:      layout_rooms, nicolae_titane
D:3:      layout_rooms, old_standard_altar,
          mainiacjoe_overflow_concentric_impassable, nicolae_the_louvre,
          uniq_jessica

Skill      XL: |  1  2  3  4 |
---------------+-------------+-----
Ranged Weapons | 6 7 8 |  8.4
Fighting       | |  1.5
Dodging        | |  2.4
Stealth        | |  1.2

Action                     |  1- 3 |  4- 6 || total
---------------------------+-------+-------++-------
   Fire: Shortbow          |    81 |    27 ||   108
    Use: Scroll            |     5 |     2 ||     7
         Potion            |       |     1 ||     1
 Armour: Leather armour    |     5 |       ||     5
         Ring mail         |     3 |     3 ||     6
  Dodge: Dodged            |    12 |     9 ||    21

Table legend:
 A = Non-vault XP
 B = Vault XP
 C = Vault XP percentage of total XP
 D = Non-vault monster count
 E = Vault monster count
 F = Vault count percentage of total count
                 A         B        C        D         E       F
            +---------+---------+-------+---------+---------+-------
      Total |     200 |       0 |   0.0 |      38 |       0 |   0.0
            +---------+---------+-------+---------+---------+-------
        D:1 |      38 |       0 |   0.0 |      22 |       0 |   0.0
        D:2 |     162 |       0 |   0.0 |      16 |       0 |   0.0
            +---------+---------+-------+---------+---------+-------
